 Dungeon Crawl Stone Soup version 0.29.1-15-g9cfb28693d (webtiles) character file.

Game seed: 3816698655913151417

179 croobank the Firebug (level 5, 0/55 HPs)
             Began as a Demonspawn Fire Elementalist on Apr 13, 2023.
             Slain by a gnoll
             ... wielding a +1 vampiric spear
             ... led by a gnoll bouda
              (6 damage)
             ... on level 4 of the Dungeon.
             The game lasted 00:08:18 (3231 turns).

croobank the Firebug (Demonspawn Fire Elementalist) Turns: 3231, Time: 00:08:18

Health: 0/55       AC: 22    Str:  9    XL:     5   Next: 33%
Magic:  0/9        EV:  2    Int: 18    God:
Gold:   210        SH:  0    Dex: 13    Spells: 6/9 levels left

rFire   . . .      SeeInvis .   n - +1 dagger (vamp)
rCold   . . .      Faith    .   (no shield)
rNeg    . . .      Spirit   .   (body armour currently unavailable)
rPois   +          Reflect  .   (helmet currently unavailable)
rElec   .          Harm     .   (cloak currently unavailable)
rCorr   .          Rampage  .   (gloves currently unavailable)
Will    .....      NoTele   +   (boots currently unavailable)
Stlth   ++........              (no amulet)
HPRegen 0.18/turn               r - ring of wizardry
MPRegen 0.11/turn               q - ring of wizardry

@: tree-form, weakened, hasted, very quick
A: stationary, stasis, torment immunity, boosted hp, ignite blood 1, (spiny 1),
(weakness stinger 1), (demonic touch 1)
a: no special abilities


You were on level 4 of the Dungeon.
You were a tree.
You visited 1 branch of the dungeon, and saw 4 of its levels.

You collected 210 gold pieces.

Inventory:

Hand Weapons
 a - a +2 dagger of venom
 b - a +2 vorpal sling
 d - a +0 short sword
 n - a +1 vampiric dagger (weapon)
 s - a +0 vorpal hand axe
 v - a +0 trident
Armour
 k - a +0 robe (melded)
 l - a +0 ring mail
 w - a +0 leather armour
 y - a +0 pair of boots (melded)
Magical Staves
 c - a staff of earth
Jewellery
 i - a ring of protection from fire
 o - a ring of fire
 q - a ring of wizardry (right branch)
 r - a ring of wizardry (left branch)
Wands
 m - a wand of polymorph (6)
Scrolls
 j - 2 scrolls of teleportation
Potions
 e - 2 potions of magic
 g - 2 potions of brilliance
 t - a potion of might
 u - a potion of cancellation {unknown}
 x - a potion of degeneration {unknown}


   Skills:
 + Level 1.5 Fighting
 + Level 2.6 Dodging
 + Level 2.7 Stealth
 + Level 2.7 Spellcasting
 + Level 2.2 Conjurations
 + Level 3.4 Fire Magic


You had 6 spell levels left.
You knew the following spells:

 Your Spells              Type           Power      Damage    Failure   Level
a - Foxfire               Conj/Fire      48%        2x1d6     1%          1
b - Scorch                Fire           28%        2d6       1%          2

Your spell library contained the following spells:

 Spells                   Type           Power      Damage    Failure   Level
 Conjure Flame            Conj/Fire      12%        6-21      4%          3
 Inner Flame              Hex/Fire       8%         N/A       7%          3
 Tukima's Dance           Hex            2%         N/A       13%         3
 Flame Wave               Conj/Fire      12%        2d6       13%         4
 Passage of Golubria      Tloc           2%         N/A       38%         4
 Yara's Violent Unravell  Hex/Tmut       1%         3d3       71%         5


Dungeon Overview and Level Annotations

Branches:
Dungeon (4/15)
 Temple: D:4-7

Altars:


Innate Abilities, Weirdness & Mutations

You are a tree.
Your roots penetrate the ground, keeping you stationary.
You cannot be teleported.
You are immune to unholy pain and torment.
Your maximum health is greatly increased.
Your equipment is partially melded.
Your demonic aura sometimes causes spilled blood to erupt in flames.
((You are partially covered in sharp spines.))
((You have a small tail.))
((Your touch may inflict minor irresistible damage on your foes.))


Message History

You feel yourself speed up. The gnoll hits you but does no damage.
The gnoll completely misses you. The gnoll hits you but does no damage.
The gnoll bouda hits you but does no damage.
You feel better.
The gnoll hits you but does no damage. x3
Casting: Scorch (safe; 1% risk of failure)
Confirm with . or Enter, or press ? or * to list all spells.
Flames lash the gnoll.
You kill the gnoll!
The gnoll is no longer moving quickly.
The gnoll bouda barks out a call to the hunt!
The gnoll picks up the pace!
The gnoll hits you with a +0 flail.
* * * LOW HITPOINT WARNING * * *
The gnoll hits you but does no damage.
Casting: Scorch (safe; 1% risk of failure)
Confirm with . or Enter, or press ? or * to list all spells.
You don't have enough magic to cast this spell.
Okay, then.
Really attack while wielding your +2 vorpal sling? [Y]es or [N]o only, please.
Really attack while wielding your +2 vorpal sling? [Y]es or [N]o only, please.
Really attack while wielding your +2 vorpal sling?
Okay, then.
You feel a sense of dread.
n - a +1 vampiric dagger (weapon)
You barely miss the gnoll.
The gnoll is severely wounded.
The gnoll bouda hits you but does no damage.
The gnoll hits you but does no damage. The gnoll hits you with a +0 flail.
* * * LOW HITPOINT WARNING * * *
Your magical contamination has completely faded away.
You hit the gnoll but do no damage.
The gnoll is severely wounded.
The gnoll bouda hits you but does no damage.
You completely miss the gnoll.
The gnoll is severely wounded.
The gnoll hits you but does no damage.
The gnoll hits you from afar with a +1 vampiric spear.
You die...

######.........
#..............
##..............
####...............
#..............#...
#.............##...
######.............##...
..<...g)...........##.(.
......g♣..............#.
.....g###.............#.
..... #...#.........#.
.... #..........######.
... #..........#....'.
.. #...............#. .
..#+#.............. ...
#.#####........ .. #.#
.[.........


You could see a gnoll bouda and 2 gnolls.

Vanquished Creatures
  An orc priest (D:3)
  A gnoll (D:4)
  8 adders
  2 worms (D:3)
  3 orcs (D:3)
  3 ball pythons
  6 bats
  8 endoplasms
  2 giant cockroaches (D:2)
  5 hobgoblins
  4 kobolds
  3 quokkas
  6 goblins
  8 rats
60 creatures vanquished.

Vanquished Creatures (others)
  81 foxfires
81 creatures vanquished.

Grand Total: 141 creatures vanquished

Notes
Turn   | Place    | Note
-------+----------+-------------------------------------------
     0 | D:1      | croobank the Demonspawn Fire Elementalist began the quest
                  | for the Orb.
     0 | D:1      | Reached XP level 1. HP: 13/13 MP: 3/3
   583 | D:2      | Discovered your monstrous ancestry.
   583 | D:2      | Gained mutation: Your touch may inflict minor irresistible
                  | damage on your foes. [demonic ancestry]
   583 | D:2      | Reached XP level 2. HP: 13/19 MP: 1/5
   760 | D:2      | Learned a level 2 spell: Scorch
   916 | D:2      | Reached skill level 3 in Fire Magic
   916 | D:2      | Gained mutation: Your demonic aura sometimes causes spilled
                  | blood to erupt in flames. [demonic ancestry]
   916 | D:2      | Reached XP level 3. HP: 13/25 MP: 1/6
  1674 | D:3      | Gained mutation: You have a small tail. [demonic ancestry]
  1674 | D:3      | Reached XP level 4. HP: 31/31 MP: 3/7
  1974 | D:3      | Reached skill level 1 in Fighting
  2665 | D:3      | Gained mutation: You are partially covered in sharp spines.
                  | [demonic ancestry]
  2665 | D:3      | Reached XP level 5. HP: 37/37 MP: 8/8
  3222 | D:4      | HP: 2/55 [gnoll/+0 whip[a gnoll bouda] (2)]
  3231 | D:4      | Slain by a gnoll

Illustrated notes

Levels and vault maps discovered:
D:1:      minmay_arrival_open_corners, layout_basic
D:2:      layout_rooms, minmay_box_of_dots
D:3:      layout_basic, grunt_decor_fettered, roderic_nine_men_s_morris
D:4:      old_forge, layout_basic, mainiacjoe_overflow_surrounded_room,
          temple_green, minmay_checkerbox, uniq_ijyb

Skill      XL: |  1  2  3  4 |
---------------+-------------+-----
Dodging        | 2 |  2.6
Stealth        | 2 |  2.7
Fire Magic     | 3 |  3.4
Fighting       | 1 |  1.5
Conjurations   | 2 |  2.2
Spellcasting   | |  2.7

Action                   |  1- 3 |  4- 6 || total
-------------------------+-------+-------++-------
Melee: Short sword       |     1 |       ||     1
       Dagger            |     7 |     4 ||    11
       Touch             |     1 |       ||     1
 Fire: Sling             |       |    54 ||    54
Throw: Throwing net      |     1 |       ||     1
 Cast: Foxfire           |    39 |     8 ||    47
       Scorch            |     4 |    14 ||    18
  Use: Scroll            |     5 |     7 ||    12
       Potion            |     2 |     5 ||     7
 Stab: Sleeping          |     1 |       ||     1
Armor: Robe              |     3 |     3 ||     6
       Skin              |       |    16 ||    16
Dodge: Dodged            |     9 |    13 ||    22
